 Dungeon Crawl Stone Soup version 0.30-a0-368-g86fb4627a9 (webtiles) character file.

Game seed: 12158501991842463584

6975 Drevant2 the Zephyrmancer (level 10, -1/79 (94) HPs)
             Began as a Demonspawn Wanderer on Nov 19, 2022.
             Was a Believer of Nemelex Xobeh.
             Slain by a yak (11 damage)
             ... on level 1 of the Lair of Beasts.
             The game lasted 00:41:41 (12032 turns).

Drevant2 the Zephyrmancer (Demonspawn Wanderer)    Turns: 12032, Time: 00:41:41

HP:   -1/79 (94)    AC: 12    Str: 10    XL:     10   Next: 81%
MP:   8/11          EV: 14    Int: 16    God:    Nemelex Xobeh [**....]
Gold: 339           SH:  0    Dex: 19    Spells: 3/11 levels left

rFire   . . .      SeeInvis .    m - +2 dagger (protect)
rCold   + . .      Faith    .    (no shield)
rNeg    . . .      Spirit   .    d - +0 robe
rPois   .          Reflect  .    b - +0 helmet
rElec   .          Harm     .    y - +0 cloak
rCorr   .          Rampage  .    p - +0 pair of gloves
Will    .....                    (no boots)
Stlth   ..........               (no amulet)
HPRegen 0.33/turn                g - ring of protection from cold
MPRegen 0.12/turn                f - ring of wizardry

@: berserking, swift, spiked, under a protective aura, heavily drained, very
quick
A: hooves 2, thin skeletal structure 1, demonic magic 1
a: Renounce Religion, Draw Escape, Draw Destruction, Draw Summoning


You were on level 1 of the Lair of Beasts.
You worshipped Nemelex Xobeh.
Nemelex Xobeh was pleased with you.
You visited 3 branches of the dungeon, and saw 11 of its levels.

You collected 339 gold pieces.

Inventory:

Hand Weapons
 i - a +1 dagger of speed
 m - a +2 dagger of protection (weapon)
 O - a +2 short sword of speed
Missiles
 w - 2 throwing nets
 E - 8 curare-tipped darts
Armour
 b - a +0 helmet (worn)
 d - a +0 robe (worn)
 p - a +0 pair of gloves (worn)
 y - a +0 cloak (worn)
Jewellery
 f - a ring of wizardry (right hand)
 g - a ring of protection from cold (left hand)
 h - a ring of resist corrosion
 q - a ring of flight
 J - a +6 ring of dexterity
Wands
 A - a wand of polymorph (13)
 I - a wand of flame (20)
 K - a wand of roots (11)
 M - a wand of digging (7)
Scrolls
 a - a scroll of enchant armour
 j - 2 scrolls of blinking
 k - 3 scrolls of enchant weapon
 o - 3 scrolls of magic mapping
 r - 3 scrolls of brand weapon
 t - 2 scrolls of amnesia
 z - 2 scrolls of noise {unknown}
 D - a scroll of fog
 F - 3 scrolls of fear {unknown}
 H - a scroll of poison
 N - a scroll of vulnerability {unknown}
 P - a scroll of torment {unknown}
Potions
 c - 4 potions of curing
 l - 2 potions of haste
 n - 3 potions of mutation
 u - a potion of lignification {unknown}
 v - 2 potions of flight {unknown}
 x - a potion of cancellation {unknown}
 B - 2 potions of ambrosia {unknown}
 C - 3 potions of brilliance {unknown}
 G - a potion of attraction
 L - a potion of degeneration {unknown}
Miscellaneous
 e - a lightning rod (4/4)


   Skills:
 - Level 8.6 Short Blades
 - Level 1.0 Throwing
 - Level 4.0 Dodging
 - Level 1.7 Stealth
 - Level 1.0 Spellcasting
 - Level 3.0 Conjurations
 - Level 2.0 Hexes
 - Level 2.0 Fire Magic
 + Level 9.9 Air Magic
 - Level 7.0 Evocations


You had 3 spell levels left.
You knew the following spells:

 Your Spells              Type           Power      Damage    Failure   Level
a - Foxfire               Conj/Fire      32%        2x1d5     3%          1
b - Inner Flame           Hex/Fire       7%         N/A       12%         3
c - Shock                 Conj/Air       84%        1d8       1%          1
d - Swiftness             Air            32%        N/A       1%          3

Your spell library contained the following spells:

 Spells                   Type           Power      Damage    Failure   Level
 Magic Dart               Conj           40%        1d5       2%          1
 Kindle Blastsparks       Fire/Tloc/Air  26%        2d12      5%          3
 Ensorcelled Hibernation  Hex/Ice        8%         N/A       9%          2
 Hailstorm                Conj/Ice       5%         3d4       16%         3
 Portal Projectile        Hex/Tloc       8%         N/A       17%         3
 Ignite Poison            Fire/Tmut/Pois 3%         N/A       21%         3
 Call Canine Familiar     Summ           0%         N/A       26%         3
 Spider Form              Tmut/Pois      0%         N/A       26%         3
 Airstrike                Air            16%        2d(3-19)  1%          4
 Freezing Cloud           Conj/Ice/Air   7%         6-21      38%         5
 Anguish                  Hex/Necr       2%         N/A       50%         4
 Leda's Liquefaction      Hex/Erth       2%         N/A       50%         4
 Ice Form                 Ice/Tmut       0%         N/A       63%         4
 Simulacrum               Ice/Necr       0%         N/A       100%        6


Dungeon Overview and Level Annotations

Branches:
Dungeon (9/15)             Temple (1/1) D:4            Lair (1/5) D:9
    Orc: D:9-12

Altars:
Ashenzari
Cheibriados
Dithmenos
Fedhas
Gozag
Hepliaklqana
Kikubaaqudgha
Makhleb
Nemelex Xobeh
Okawaru
Qazlal
Ru
Sif Muna
Trog
Vehumet
Wu Jian
Xom
Yredelemnul

Shops:
D:5 *   D:9 =

Annotations:
D:3 Pargi, Terence


Innate Abilities, Weirdness & Mutations

You have hoof-like feet.
You have a somewhat thin skeletal structure. (Dex +2, Stealth+)
Spells you cast may paralyse adjacent enemies.


Message History

Okay, then.
Casting: Foxfire (safe; 3% risk of failure)
Confirm with . or Enter, or press ? or * to list all spells.
You feel quick. Malevolent energies surge around you.
Your hell hound bites the yak!
The red devil hits you from afar with a +0 trident.
* * * LOW HITPOINT WARNING * * *
Barbed spikes become lodged in your body.
The yak gores you!
* * * LOW HITPOINT WARNING * * *
A yak comes into view.
The barbs in your skin will harm you if you move.
Continue? [Y]es or [N]o only, please.
The barbs in your skin will harm you if you move.
Continue? [Y]es or [N]o only, please.
The barbs in your skin will harm you if you move.
Continue? [Y]es or [N]o only, please.
The barbs in your skin will harm you if you move.
Continue?
Okay, then.
A red film seems to cover your vision as you go berserk!
You feel yourself moving faster!
You feel mighty! The yak gores you but does no damage.
The red devil hits you from afar with a +0 trident!
* * * LOW HITPOINT WARNING * * *
Barbed spikes become lodged in your body.
Your hell hound bites the red devil.
The yak gores you.
* * * LOW HITPOINT WARNING * * *
You hit the yak.
Your weapon exudes an aura of protection.
You kick the yak!
The yak is heavily wounded.
You closely miss the yak. You kick the yak!
The yak is severely wounded.
Your hell hound closely misses the red devil.
You puncture the yak! You kick the yak, but do no damage.
The yak is almost dead.
The red devil misses you. The yak gores you but does no damage.
The yak gores you!
You die...
Your body glows slightly and disappears.

...... ..... ....
..... ... ....# ..
....# ... #. ....#
...P##.## ...#
.......@######...###.
.......YY............
........h4.Y.<.......
.................###.
####.....#.##...##
#....#........#
##...#.........#
#....#.........#
......#.........#


You could see 3 yaks, a red devil (summoned, ally target) and a friendly hell
hound (summoned).

Vanquished Creatures
  Joseph (D:9)
  A kobold demonologist (D:9)
  An unseen horror (D:9)
  A hornet (D:9)
  A wraith (D:9)
  A wyvern (D:7)
  Grum (D:8)
  A steam dragon (D:9)
  3 orc warriors (D:9)
  An ogre (D:5)
  2 black bears (D:6)
  4 centaurs
  8 wolves
  A lemure (D:5)
  A phantom (D:6)
  2 kobold brigands (D:9)
  A necrophage (D:7)
  2 bullfrogs
  4 scorpions
  7 wights
  An electric eel (D:9)
  6 howler monkeys
  A crimson imp (D:4)
  7 hounds
  A jelly (D:6)
  4 orc priests
  Crazy Yiuf (D:3)
  Jessica (D:2)
  Ijyb (D:3)
  3 iguanas
  10 orc wizards
  Robin (D:3)
  4 adders
  9 gnolls
  A shadow imp (D:5)
  2 white imps
  A worm (D:2)
  6 dart slugs
  43 orcs
  6 ball pythons
  7 bats
  10 endoplasms
  2 giant cockroaches (D:4)
  21 goblins
  5 hobgoblins
  8 jackals (D:1)
  6 quokkas
  4 frilled lizards
  3 hobgoblin zombies (D:4)
  15 kobolds
  A kobold skeleton (D:4)
  An orc skeleton (D:4)
  An orc zombie (D:4)
  2 rats
239 creatures vanquished.

Vanquished Creatures (collateral kills)
  A two-headed ogre (D:8)
  Pikel (D:5)
  A yak (D:9)
  A wolf (D:9)
  3 wights (D:8)
7 creatures vanquished.

Vanquished Creatures (others)
  280 foxfires
280 creatures vanquished.

Grand Total: 526 creatures vanquished

Notes
Turn   | Place    | Note
-------+----------+-------------------------------------------
     0 | D:1      | Drevant2 the Demonspawn Wanderer began the quest for the
                  | Orb.
     0 | D:1      | Drevant2 set off with the following items: a +0 dagger, a
                  | +0 helmet, a potion of curing, a +0 robe, a lightning rod
                  | (4/4); and the following spell memorised: Foxfire; and the
                  | following spells available to memorise: Inner Flame.
     0 | D:1      | Reached XP level 1. HP: 13/13 MP: 2/2
   448 | D:1      | Gained mutation: Spells you cast may paralyse adjacent
                  | enemies. [demonic ancestry]
   448 | D:1      | Reached XP level 2. HP: 19/19 MP: 3/3
   658 | D:1      | Gained mutation: You have large cloven feet. [demonic
                  | ancestry]
   658 | D:1      | Reached XP level 3. HP: 17/24 MP: 4/4
   708 | D:1      | Learned a level 3 spell: Inner Flame
  1170 | D:1      | Reached skill level 1 in Short Blades
  1230 | D:2      | Reached skill level 1 in Conjurations
  1587 | D:2      | Noticed Jessica
  1602 | D:2      | Killed Jessica
  1603 | D:2      | Reached skill level 1 in Hexes
  1603 | D:2      | Reached XP level 4. HP: 22/30 MP: 2/5
  1639 | D:2      | Learned a level 1 spell: Shock
  1959 | D:2      | Reached skill level 1 in Air Magic
  2285 | D:3      | Reached XP level 5. HP: 35/35 MP: 6/6
  2307 | D:3      | Noticed Robin
  2328 | D:3      | Killed Robin
  2329 | D:3      | Reached skill level 2 in Air Magic
  2411 | D:3      | Noticed Pargi
  2441 | D:3      | Found a runed translucent door.
  2442 | D:3      | Noticed Crazy Yiuf
  2459 | D:3      | Killed Crazy Yiuf
  2897 | D:3      | Reached skill level 3 in Air Magic
  2930 | D:3      | Noticed Ijyb
  2937 | D:3      | Killed Ijyb
  3330 | D:3      | Found a faded altar of an unknown god.
  3341 | D:3      | Noticed Terence
  3342 | D:3      | Found a stormy altar of Qazlal.
  3678 | D:4      | Found a staircase to the Ecumenical Temple.
  3712 | Temple   | Entered the Ecumenical Temple
  3803 | Temple   | Became a worshipper of Nemelex Xobeh the Trickster
  3921 | D:4      | Gained mutation: You have a somewhat thin skeletal
                  | structure. (Dex +2, Stealth+) [demonic ancestry]
  3921 | D:4      | Reached XP level 6. HP: 41/41 MP: 4/7
  4517 | D:5      | Entered Level 5 of the Dungeon
  4841 | D:5      | Found a bloodstained altar of Trog.
  4889 | D:5      | Reached * piety under Nemelex Xobeh
  5050 | D:5      | Found a blossoming altar of Fedhas.
  5092 | D:5      | Gained mutation: You have hoof-like feet. [demonic
                  | ancestry]
  5092 | D:5      | Reached XP level 7. HP: 25/46 MP: 3/8
  5280 | D:5      | Noticed Pikel
  5342 | D:5      | Received a gift from Nemelex Xobeh
  5377 | D:5      | Killed Pikel
  5378 | D:5      | Reached skill level 5 in Short Blades
  5378 | D:5      | Reached XP level 8. HP: 36/52 MP: 4/9
  5566 | D:5      | Found Hic Bas's Elemental Accessories.
  5674 | D:5      | Found an ancient bone altar of Kikubaaqudgha.
  5677 | D:5      | Found a shimmering blue altar of Sif Muna.
  5680 | D:5      | Found a radiant altar of Vehumet.
  5685 | D:5      | Got Vehumet's Folio of Conjuring
  5903 | D:5      | Learned a level 3 spell: Swiftness
  5910 | D:6      | Found a broken altar of Ashenzari.
  6315 | D:6      | Received a gift from Nemelex Xobeh
  6859 | D:7      | Found a sacrificial altar of Ru.
  7293 | D:7      | Reached XP level 9. HP: 57/57 MP: 10/10
  7572 | D:7      | Reached ** piety under Nemelex Xobeh
  7795 | D:8      | Reached skill level 5 in Evocations
  7795 | D:8      | Noticed Grum
  7977 | D:8      | Killed Grum
  8159 | D:8      | Noticed a two-headed ogre
  8353 | D:8      | Received a gift from Nemelex Xobeh
  8744 | D:8      | Found a hazy altar of Hepliaklqana.
  9473 | D:8      | Killed a two-headed ogre
  9474 | D:8      | Reached skill level 5 in Air Magic
  9791 | D:9      | Noticed Joseph
  9791 | D:9      | Noticed a troll
  9950 | D:9      | Reached skill level 6 in Air Magic
  9950 | D:9      | Reached XP level 10. HP: 61/63 MP: 8/11
  9962 | D:9      | Noticed a sixfirhy
 10241 | D:9      | Reached skill level 7 in Air Magic
 10648 | D:9      | Killed Joseph
 10649 | D:9      | Reached skill level 8 in Air Magic
 10785 | D:9      | Reached skill level 9 in Air Magic
 11310 | D:9      | Found Izar Kik's Jewellery Boutique.
 12003 | D:9      | Found a staircase to the Lair.
 12020 | Lair:1   | Entered Level 1 of the Lair of Beasts
 12032 | Lair:1   | Slain by a yak

Illustrated notes

Levels and vault maps discovered:
D:1:      ncdulo_halloftheorcs, layout_basic, chequers_serial_rivers_small_a,
          minivault_24, minmay_misc_feat_tower, kennysheep_minor_cross
D:2:      layout_basic, kennysheep_jessica_study
D:3:      layout_rooms, nicolae_overflow_ecumenical_swirl, uniq_pargi,
          uniq_ijyb, uniq_robin, uniq_terence, uniq_crazy_yiuf_cottage
D:4:      layout_basic, nicolae_tso_besieged_by_evil,
          minmay_temple_entry_crystal_x, serial_glass, glass_columns_b,
          glass_columns_b
D:5:      layout_cave_pods, grunt_temple_overflow_magic_moments,
          mainiacjoe_overflow_small_starburst, lemuel_doored_altar,
          nicolae_elemental_shop, uniq_pikel
D:6:      layout_cave_pools, nicolae_overflow_crystal_walls
D:7:      layout_gridville, nicolae_ru_great_annihilating_truth
D:8:      layout_basic, lemuel_tele_altar, mainiacjoe_overflow_paths, uniq_grum
D:9:      kennysheep_ambush_hall, layout_basic, erik_lair_island, serial_shops,
          nicolae_inconvenience_store, uniq_joseph
Temple:   cyrus_temple_forest
Lair:1:   layout_gridlike

Skill      XL: |  1  2  3  4  5  6  7  8  9 10 |
---------------+-------------------------------+-----
Dodging        | 2 4 |  4.0
Fire Magic     | 2 |  2.0
Short Blades   | 1 5 8 |  8.6
Conjurations   | 1 2 3 |  3.0
Hexes          | 1 2 |  2.0
Air Magic      | 1 3 6 9 |  9.9
Evocations     | 7 |  7.0
Throwing       | |  1.0
Stealth        | |  1.7
Spellcasting   | |  1.0

Action                   |  1- 3 |  4- 6 |  7- 9 | 10-12 || total
-------------------------+-------+-------+-------+-------++-------
Melee: Dagger            |   146 |   155 |   327 |   215 ||   843
       Punch             |     2 |     1 |     3 |     3 ||     9
       Kick              |    19 |    41 |   109 |    74 ||   243
       Unarmed           |       |     2 |       |       ||     2
 Cast: Foxfire           |    11 |    68 |    71 |    22 ||   172
       Shock             |       |     6 |       |       ||     6
       Swiftness         |       |       |       |     7 ||     7
Invok: Draw Summoning    |       |       |     5 |     4 ||     9
       Draw Destruction  |       |       |     6 |    11 ||    17
       Draw Escape       |       |       |       |     1 ||     1
Evoke: Lightning rod     |       |       |     3 |       ||     3
  Use: Potion            |     1 |       |     2 |     5 ||     8
       Scroll            |       |       |    11 |       ||    11
 Stab: Sleeping          |     4 |     3 |     3 |       ||    10
       Paralysed         |     1 |    17 |    28 |    15 ||    61
Armor: Robe              |    29 |    60 |   102 |    66 ||   257
Dodge: Dodged            |    64 |    87 |   182 |   129 ||   462

Table legend: (Time is in decaauts)
 A = Elapsed time spent in this place.
 B = Non-inter-level travel time spent in this place.
 C = Inter-level travel time spent in this place.
 D = Time resting spent in this place.
 E = Time spent auto-exploring this place.
 F = Levels seen in this place.
 G = Mean time per level.
                   A        B        C        D        E       F      G
               +--------+--------+--------+--------+--------+-----+--------+
         Total |  11779 |   9854 |   1925 |   3147 |   4219 |  11 | 1070.8 |
       Dungeon |  11638 |   9815 |   1823 |   3147 |   4197 |   9 | 1293.1 |
        Temple |    131 |     29 |    102 |      0 |     22 |   1 |  131.0 |
          Lair |     10 |     10 |      0 |      0 |      0 |   1 |   10.0 |
               +--------+--------+--------+--------+--------+-----+--------+

Top non-repeatable levels by time:
     D:8: 2017 daAuts
     D:9: 1907 daAuts
     D:1: 1284 daAuts
     D:5: 1211 daAuts
     D:7: 1210 daAuts
     D:2: 1129 daAuts
     D:3: 1076 daAuts
     D:4: 1012 daAuts
     D:6: 788 daAuts
  Temple: 131 daAuts
  Lair:1: 10 daAuts
